Map: Odyssey LE

Players

Namshar

  • Race: Zerg Zerg
  • Spawn Location: 5:00

uThermal - Winner!

  • Race: Terran Terran
  • Spawn Location: 11:00

Event: WCS Jonkoping 2017

VOD

Have the link to the VOD?

Description

Time

  • Played on: June 18, 2017, 10:28 a.m.
  • Length: 22:05

All games in this series

Show
View Real Time Build Order
Export as new Build Order

Namshar Zerg 

Build Orders: Hatch First 

Get SALT Encoding   

  12  0:00  Drone  
  13  0:12  Overlord  
  13  0:16  Drone  
  14  0:30  Drone x2  
  14  0:34  Drone  
  17  0:52  Hatchery  
  17  0:55  Drone  
  17  0:58  Drone  
  18  1:10  Extractor  
  17  1:14  Spawning Pool  
  17  1:17  Drone  
  17  1:21  Drone  
  18  1:29  Drone  
  19  1:40  Overlord  
  19  1:49  Drone  
  20  2:00  Queen  
  22  2:01  Zergling x2  
  22  2:03  Queen  
  22  2:04  Zergling x2  
  26  2:12  Drone  
  27  2:16  Zergling x2  
  28  2:23  Drone  
  29  2:34  Drone x2  
  31  2:42  Queen, Drone  
  34  2:47  Roach Warren  
  32  2:52  Overlord  
  32  3:03  Queen  
  34  3:13  Drone x3  
  35  3:26  Roach  
  41  3:27  Roach x2  
  41  3:28  Roach, Overlord  
  41  3:49  Roach x3  
  41  3:51  Drone  
  45  3:58  Drone  
  45  3:59  Drone x2  
  45  4:02  Overlord  
  48  4:18  Ravager  
  48  4:20  Drone  
  48  4:21  Drone x5  
  48  4:23  Ravager  
  56  4:32  Extractor  
  55  4:38  Drone  
  55  4:39  Drone x4, Overlord  
  55  4:40  Overlord  
  60  4:49  Lair  
  60  4:53  Extractor  
  59  5:02  Drone x2  
  59  5:03  Drone  
  62  5:09  Drone x4  
  62  5:10  Drone  
  62  5:12  Evolution Chamber  
  66  5:19  Ravager  
  67  5:27  Roach x2  
  71  5:34  Drone  
  71  5:35  Overlord x2  
  72  5:36  Extractor  
  71  5:43  Hatchery  
  71  5:46  Overlord x2  
  71  5:48  Drone x2  
  71  5:49  Drone  
  73  5:53  Ravager x2  
  73  5:54  Glial Reconstitution  
  75  6:02  Roach x3  
  81  6:05  Overlord  
  81  6:14  Zerg Ground Armor Level 1  
  81  6:16  Drone x3  
  84  6:23  Roach x2  
  84  6:24  Overlord x2  
  88  6:42  Roach  
  88  6:43  Roach x6  
  102  6:57  Overlord x2  
  102  6:58  Roach x2  
  106  7:11  Drone  
  106  7:12  Drone x4  
  108  7:16  Ravager  
  109  7:24  Drone x2  
  109  7:26  Evolution Chamber, Infestation Pit  
  107  7:35  Drone x9  
  114  7:37  Queen  
  114  7:42  Overseer  
  114  7:44  Overlord  
  112  7:57  Extractor, Drone x2  
  112  7:58  Extractor  
  112  7:59  Overlord  
  112  8:01  Drone x3  
  112  8:02  Drone x3  
  112  8:03  Roach x2  
  121  8:12  Queen  
  121  8:15  Roach x6  
  121  8:16  Hatchery, Zerg Missile Weapons Level 1  
  121  8:17  Zerg Ground Armor Level 2  
  134  8:28  Queen  
  134  8:33  Infestor x2  
  140  8:37  Overlord  
  140  8:39  Ravager x2  
  140  8:40  Roach x5  
  138  9:05  Roach  
  138  9:06  Roach x6  
  122  9:11  Roach x4  
  122  9:12  Roach x3  
  122  9:14  Roach x3  
  117  9:20  Queen  
  117  9:22  Queen  
  119  9:26  Roach x5  
  129  9:34  Infestor x2  
  127  9:47  Roach x4  
  127  9:48  Hatchery  
  127  9:51  Ravager x3  
  127  9:52  Overlord x2  
  135  9:53  Roach  
  135  9:54  Roach x3  
  143  10:03  Roach x6  
  153  10:10  Overlord x2  
  153  10:13  Ravager  
  144  10:26  Roach x6  
  146  10:33  Hive  
  146  10:37  Queen  
  146  10:38  Zerg Melee Weapons Level 1  
  146  10:42  Zerg Missile Weapons Level 2  
  148  10:55  Infestor  
  148  11:02  Roach x7  
  162  11:05  Overlord  
  162  11:14  Burrow  
  152  11:27  Roach x10  
  152  11:32  Roach x6  
  147  11:48  Roach x3  
  147  11:49  Roach  
  140  12:02  Roach  
  140  12:03  Roach x9  
  160  12:12  Ravager x3  
  141  12:25  Drone x8  
  147  12:34  Infestor x2  
  141  12:39  Roach  
  141  12:40  Roach x3  
  139  12:56  Roach x7  
  153  13:03  Ravager  
  154  13:06  Roach x4  
  158  13:24  Roach x5  
  146  13:27  Ravager x2  
  146  13:33  Roach  
  146  13:34  Roach x5  
  152  13:40  Roach x3  
  143  13:46  Ravager x2  
  143  13:53  Roach  
  143  13:54  Roach x3  
  150  14:09  Roach x5  
  122  14:15  Roach x2  
  113  14:19  Ravager  
  112  14:24  Ravager x2  
  112  14:26  Ravager, Roach x2  
  119  14:35  Roach  
  119  14:36  Roach x3  
  127  14:40  Roach  
  129  14:55  Roach x3  
  129  14:56  Roach x3  
  129  14:57  Ravager  
  129  14:58  Ravager  
  135  15:26  Infestor x2  
  137  15:40  Hatchery  
  137  15:41  Queen  
  136  15:44  Infestor x2  
  136  15:48  Overlord x2  
  140  15:50  Roach  
  140  15:51  Roach x2  
  140  15:52  Zergling x2  
  140  15:53  Zergling x10  
  152  16:03  Roach x2  
  156  16:09  Roach x3  
  156  16:23  Zerg Ground Armor Level 3  
  156  16:27  Queen  
  156  16:30  Queen  
  160  16:39  Metabolic Boost  
  160  16:45  Extractor  
  156  16:50  Zerg Missile Weapons Level 3  
  153  17:10  Ravager x2  
  153  17:11  Ravager  
  147  17:26  Hatchery  
  141  17:31  Roach x11  
  159  17:44  Roach  
  159  17:45  Roach x6  
  159  17:50  Roach  
  122  18:08  Roach x7  
  122  18:09  Roach  
  97  18:16  Infestor  
  97  18:18  Roach x3  
  87  18:28  Roach x4  
  89  18:39  Roach x4  
  93  18:47  Roach x3  
  93  18:48  Roach  
  91  18:52  Queen  
  91  18:57  Roach x3  
  91  19:02  Ravager  
  98  19:03  Roach x2  
  98  19:08  Roach  
  98  19:09  Roach x2  
  108  19:18  Queen  
  108  19:20  Queen  
  108  19:22  Ravager  
  108  19:23  Ravager  
  114  19:25  Roach x2  
  114  19:28  Queen  
  114  19:29  Roach  
  122  19:44  Ravager  
  123  19:46  Extractor, Drone x3  
  123  19:47  Extractor, Drone x3  
  123  19:49  Roach x3  
  137  19:53  Roach  
  135  20:10  Hatchery  
  134  20:16  Infestor  
  136  20:25  Queen  
  136  20:31  Queen  
  136  20:32  Roach  
  136  20:33  Roach x4  
  141  20:41  Roach x2  
  114  20:52  Roach x3  
  92  21:01  Roach  
  86  21:10  Roach  
  76  21:29  Roach  
  78  21:34  Ravager x2  
  80  21:42  Roach x2  
  80  21:46  Overseer  
Show
View Real Time Build Order
Export as new Build Order

uThermal Terran - Winner!

Build Orders: MMM Bio 

Get SALT Encoding   

  12  0:01  SCV  
  13  0:13  SCV  
  14  0:19  Supply Depot  
  14  0:26  SCV  
  15  0:42  Barracks  
  15  0:43  SCV  
  15  0:46  Refinery  
  16  0:55  SCV  
  17  1:01  Barracks  
  17  1:07  SCV  
  18  1:19  SCV  
  19  1:30  Reaper  
  19  1:32  Orbital Command  
  20  1:37  Barracks  
  20  1:42  Refinery  
  20  1:48  Reaper  
  21  1:55  Supply Depot  
  21  1:59  SCV  
  22  2:06  Reaper  
  23  2:17  SCV  
  23  2:20  Reaper  
  25  2:24  Supply Depot  
  25  2:25  Reaper  
  25  2:29  SCV  
  27  2:38  Reaper  
  27  2:41  SCV  
  29  2:52  Reaper  
  29  2:53  SCV  
  31  2:59  Command Center  
  31  3:05  SCV  
  32  3:06  Reaper  
  32  3:12  Supply Depot, Reaper  
  34  3:24  Reaper  
  35  3:27  SCV  
  36  3:39  SCV  
  38  3:44  Reaper  
  39  3:51  SCV  
  40  3:56  Reaper  
  40  4:01  Barracks Tech Lab  
  40  4:03  Factory  
  40  4:04  SCV  
  41  4:11  Orbital Command  
  41  4:16  SCV  
  42  4:23  Stimpack, Marine x2  
  44  4:28  SCV, Marine  
  46  4:39  SCV  
  46  4:40  SCV  
  46  4:44  Marauder  
  46  4:45  Marine  
  51  4:46  Marine  
  51  4:48  Starport  
  51  4:49  Factory Reactor  
  51  4:51  SCV  
  51  4:52  SCV  
  54  4:55  Supply Depot  
  54  5:02  Marine  
  54  5:03  SCV  
  54  5:04  Marine, SCV  
  57  5:15  SCV  
  57  5:16  SCV  
  57  5:17  Command Center  
  59  5:24  Barracks Reactor x2, Marine  
  59  5:27  SCV  
  61  5:28  SCV  
  61  5:34  Medivac  
  61  5:35  Supply Depot  
  64  5:37  Medivac  
  64  5:39  SCV  
  64  5:40  SCV  
  67  5:47  Engineering Bay  
  67  5:49  Refinery  
  67  5:50  Engineering Bay, Refinery  
  67  5:51  SCV  
  67  5:52  Marine, SCV  
  70  6:02  Marine x4  
  70  6:04  SCV, Supply Depot  
  75  6:05  SCV  
  75  6:09  Marine  
  77  6:15  Terran Infantry Weapons Level 1  
  77  6:16  Terran Infantry Armor Level 1, SCV  
  78  6:25  Marine x3  
  78  6:26  Combat Shields  
  81  6:34  SCV, Marine x2  
  81  6:36  SCV, Factory Tech Lab  
  85  6:42  Barracks  
  85  6:43  Barracks  
  85  6:45  Marine x2  
  85  6:46  Marine  
  88  6:48  SCV  
  88  6:52  Marine x2  
  90  6:56  Orbital Command  
  90  6:58  SCV  
  91  7:01  SCV  
  91  7:03  Marine x2  
  91  7:06  Marine  
  95  7:10  SCV  
  95  7:13  SCV  
  95  7:14  Marine x2  
  98  7:16  Siege Tank  
  98  7:20  Supply Depot  
  101  7:26  Armory  
  101  7:27  Marine x2, Supply Depot  
  101  7:28  SCV x2  
  101  7:29  SCV  
  106  7:33  Marine  
  106  7:35  Barracks Tech Lab x2  
  104  7:40  SCV x2, Marine  
  104  7:41  Marine, SCV, Supply Depot  
  104  7:42  Supply Depot  
  109  7:45  Marine  
  109  7:48  Siege Tank  
  109  7:49  Marine  
  113  7:51  Marine  
  113  7:52  Medivac  
  113  7:54  Medivac  
  113  7:55  Marine  
  113  7:57  Concussive Shells, Supply Depot  
  113  7:58  Marine  
  120  7:59  Marauder, Marine  
  123  8:07  Supply Depot  
  123  8:08  Marine  
  123  8:09  Marine x2, Supply Depot  
  126  8:14  Marauder  
  126  8:15  Marine  
  126  8:17  Marine  
  130  8:20  Siege Tank  
  130  8:25  Marine  
  130  8:26  Supply Depot  
  136  8:27  Marine, Supply Depot  
  136  8:28  Medivac  
  137  8:36  Marine x2, Barracks  
  137  8:37  Marine, Barracks x2  
  141  8:41  Terran Infantry Weapons Level 2  
  141  8:45  Terran Infantry Armor Level 2  
  140  8:50  Marine  
  140  8:51  Marauder  
  142  8:56  SCV  
  142  9:01  SCV x2  
  135  9:05  Marine  
  135  9:06  Marauder  
  135  9:08  SCV, Marine  
  135  9:09  Medivac  
  127  9:10  Marine x3  
  127  9:12  Marauder  
  126  9:18  Siege Tank  
  126  9:23  Marine, Medivac  
  132  9:25  Barracks Reactor, Barracks Tech Lab x2  
  132  9:27  Marauder, Marine  
  132  9:28  Marauder  
  132  9:30  Marine  
  138  9:34  Marine  
  138  9:35  Marauder  
  133  9:41  Marine  
  133  9:44  Marine  
  133  9:45  Marine  
  135  9:46  Marauder  
  135  9:48  Marine, Medivac  
  135  9:49  Marauder  
  135  9:50  Marauder  
  135  9:51  Siege Tank  
  135  9:52  Marine  
  148  9:56  Marine  
  148  9:59  Marine  
  150  10:02  Marine  
  149  10:09  Marauder, Marine x3  
  149  10:10  Marauder  
  149  10:11  Supply Depot  
  140  10:22  Marine  
  140  10:23  Siege Tank, Marauder  
  140  10:24  Marine  
  140  10:25  Marauder  
  140  10:28  Marine x2  
  138  10:29  Marauder  
  138  10:31  Marauder, Marine x2  
  138  10:32  Marine  
  143  10:40  Marine  
  144  10:44  Marauder  
  144  10:45  Marine  
  144  10:46  Marauder  
  144  10:48  Marine  
  149  10:50  Marauder x2  
  149  10:54  Marine x2  
  149  10:55  Marauder  
  155  10:58  Siege Tank  
  155  11:01  Marine x2  
  160  11:05  Marauder  
  160  11:07  Marauder, Marine  
  165  11:12  Marauder x2, Marine  
  170  11:20  Orbital Command  
  166  11:26  Marine  
  166  11:27  Marauder, Marine  
  166  11:28  Marauder  
  166  11:30  Siege Tank  
  173  11:34  Marauder, Marine x2  
  173  11:35  Marauder  
  173  11:36  Marine  
  173  11:39  Marine x2  
  177  11:44  Marine  
  177  11:45  Marine  
  169  11:48  Marauder  
  169  11:49  Marine  
  169  11:50  Medivac  
  169  11:52  Marine x2  
  169  11:53  Marine  
  172  11:56  Marauder, Marine  
  172  11:59  Marine x2  
  165  12:02  Siege Tank, Marine  
  165  12:03  Marine  
  165  12:07  Marauder  
  172  12:09  Marine x2  
  172  12:11  Marine  
  172  12:12  Marine  
  172  12:14  Marauder  
  177  12:18  Marauder x2  
  177  12:19  Marine  
  177  12:20  Marine  
  177  12:21  Marine  
  156  12:27  Marauder, Marine  
  156  12:28  Marauder  
  156  12:29  Marine  
  153  12:30  Marine  
  153  12:36  Marauder  
  152  12:42  Medivac  
  151  12:44  Marine x2  
  151  12:45  Marauder  
  151  12:46  Marauder, Marine x2  
  151  12:49  Marine, Refinery  
  151  12:50  Marine, Refinery  
  151  12:51  Marauder  
  163  12:58  Marine x2  
  164  13:09  Marine  
  164  13:10  Marauder, Marine x2  
  164  13:11  Marauder, Marine x2  
  164  13:12  Marauder  
  175  13:14  Marine  
  175  13:16  Marine  
  175  13:17  Marauder  
  179  13:26  Medivac  
  168  13:27  Marine  
  168  13:28  Marine x3  
  168  13:31  Marauder  
  168  13:39  Marine x2, Medivac  
  157  13:45  Marauder, Marine  
  157  13:47  Marine x2  
  157  13:48  Marauder x2, Marine  
  163  13:55  Marauder, Marine, Barracks x2  
  166  13:57  Marine x2  
  168  14:03  Marauder, Command Center  
  168  14:05  Marine x2  
  168  14:06  Marine  
  168  14:07  Marauder  
  168  14:09  Marauder  
  144  14:10  Marauder  
  144  14:12  Marine  
  144  14:15  Marine x2  
  144  14:17  Marauder  
  125  14:22  Marine  
  125  14:23  Marine  
  125  14:24  Marine  
  123  14:25  Marauder  
  123  14:28  Marauder  
  123  14:30  Marauder, Marine  
  133  14:31  Marauder  
  133  14:32  Marine  
  133  14:33  Marine  
  133  14:38  Marauder  
  137  14:39  Missile Turret  
  137  14:40  Marine  
  137  14:41  Marine x2  
  137  14:42  Missile Turret  
  140  14:46  Marauder  
  140  14:48  Marine  
  140  14:50  Marauder, Marine  
  140  14:52  Marauder x2  
  150  14:56  Marine  
  150  14:57  Siege Tank  
  150  14:58  Marine  
  150  14:59  Marauder  
  156  15:01  Marine  
  156  15:05  Supply Depot  
  156  15:06  Supply Depot  
  155  15:07  Marauder  
  155  15:08  Marine  
  155  15:11  Marauder  
  155  15:17  Marine  
  155  15:18  Marauder  
  155  15:22  Marine  
  155  15:23  Marine  
  155  15:28  Orbital Command  
  156  15:30  Planetary Fortress  
  156  15:32  Missile Turret  
  156  15:33  Marine  
  156  15:39  Marauder, Marine  
  158  15:44  Marine  
  158  15:46  Terran Infantry Weapons Level 3  
  158  15:47  Marauder, Marine  
  158  15:49  Marine  
  158  15:53  Marine  
  158  15:54  Marauder  
  158  15:56  Marine  
  161  16:00  Marine  
  161  16:02  Marine  
  162  16:07  Marine, Factory Reactor  
  162  16:08  Marauder  
  162  16:09  Marauder  
  162  16:11  Marine  
  167  16:14  Marine  
  167  16:15  Marauder  
  167  16:18  Marine  
  167  16:20  Marine  
  167  16:24  Marine  
  168  16:26  Marine, Refinery  
  168  16:27  Supply Depot x2  
  168  16:29  Marauder, Marine x2  
  168  16:30  Marauder  
  168  16:32  Marine  
  176  16:36  Marauder, Marine  
  176  16:37  Marine, Supply Depot  
  180  16:42  Marine  
  180  16:44  Marine  
  180  16:46  Marine  
  183  16:49  Marine  
  183  16:50  Marauder  
  183  16:52  Marauder, Marine  
  189  16:54  Marauder  
  189  16:55  Marine  
  189  16:58  Marauder  
  189  17:00  Marine  
  191  17:04  Marine  
  191  17:07  Refinery  
  191  17:08  Marine  
  184  17:12  Marauder, Marine  
  184  17:13  Marauder, Command Center  
  189  17:15  Marine  
  189  17:16  Marauder  
  189  17:19  Marauder  
  183  17:30  Marine  
  183  17:32  Marine  
  183  17:33  Marauder  
  183  17:34  Marauder, Marine  
  183  17:36  Marine  
  190  17:37  Marauder  
  190  17:40  Marauder  
  192  17:44  Marine  
  192  17:51  Terran Infantry Armor Level 3  
  190  17:54  Marauder  
  190  17:56  Marauder  
  177  17:58  Marauder  
  177  18:02  Marauder  
  140  18:06  Marine x4  
  140  18:10  Marine  
  116  18:16  Marauder, Marine  
  116  18:17  Marauder  
  110  18:20  Marauder  
  110  18:23  Marauder, Marine  
  110  18:24  Marine x3  
  106  18:28  Marine  
  106  18:32  Orbital Command  
  106  18:34  Marine  
  107  18:37  Marauder, Barracks  
  107  18:38  Barracks x2  
  107  18:39  Marauder  
  114  18:41  Marauder, Marine x2  
  114  18:42  Marine x2  
  114  18:45  Marauder, Marine  
  114  18:47  Medivac  
  115  18:52  Marine  
  114  18:59  Marauder, Marine x2, Widow Mine  
  114  19:00  Marauder, Marine x2  
  114  19:02  Refinery  
  126  19:03  Marauder, Marine  
  126  19:06  Marauder  
  126  19:09  Marine, Command Center  
  128  19:17  Marine x3  
  128  19:18  Marine  
  128  19:20  Marauder  
  128  19:21  Marauder, Widow Mine  
  128  19:22  Marine  
  141  19:24  Marauder, Marine  
  141  19:26  Marine  
  141  19:27  Marauder  
  145  19:33  Marine  
  145  19:37  Orbital Command  
  145  19:38  Marine  
  147  19:40  Marine x2, Refinery  
  147  19:41  Marauder  
  147  19:43  Marauder  
  155  19:45  Marauder  
  155  19:49  Marauder  
  157  19:57  Marine x2  
  157  19:58  Marine  
  157  19:59  Marine  
  157  20:01  Marine x2  
  157  20:03  Marauder  
  157  20:04  Marauder  
  165  20:07  Marauder  
  165  20:08  Marine  
  165  20:10  Marauder  
  168  20:14  Marine  
  168  20:17  Marine  
  170  20:21  Marine  
  170  20:23  Marine  
  170  20:24  Marauder  
  170  20:25  Marauder, Marine  
  170  20:28  Marauder, Widow Mine x2  
  179  20:31  Marauder  
  166  20:46  Marauder  
  166  20:47  Marauder, Medivac  
  166  20:49  Marauder  
  163  20:50  Marine  
  163  20:53  Marauder  
  163  20:55  Marine  
  149  20:57  Marine  
  149  21:00  Marine  
  149  21:03  Marine  
  138  21:05  Marine  
  138  21:07  Marauder  
  138  21:08  Marauder  
  138  21:11  Marauder, Marine  
  135  21:14  Marauder, Marine x2  
  135  21:15  Orbital Command  
  135  21:17  Marine, Refinery  
  141  21:20  Marine x2  
  141  21:22  Marine  
  141  21:26  Widow Mine x2  
  141  21:28  Marauder, Marine  
  141  21:30  Marauder  
  141  21:32  Marauder  
  148  21:36  Marauder, Marine x2  
  148  21:37  Marine  
  148  21:38  Marine  
  154  21:43  Marine x3  
Tags
 
Add a new tag
Caveats
  • Supply blocks, unpowered buildings, or Contaminate may cause inaccurate times.
  • Supply counts are checked every 10 seconds.